[gd_scene load_steps=7 format=2]

[ext_resource path="res://Shader/palette_Greyscale.tres" type="Material" id=1]
[ext_resource path="res://Dummy/test_tileset.tres" type="TileSet" id=2]
[ext_resource path="res://Scripts/TextureLoader.gd" type="Script" id=3]
[ext_resource path="res://tile.png" type="Texture" id=4]
[ext_resource path="res://Shader/palette.tres" type="Material" id=5]
[ext_resource path="res://Shader/palette2.tres" type="Material" id=6]

[node name="Node2D" type="Node2D"]

[node name="Camera2D" type="Camera2D" parent="."]

[node name="Test" type="Node" parent="."]

[node name="Tile" type="Sprite" parent="Test"]
material = ExtResource( 5 )
position = Vector2( 94.7079, 24.3505 )
scale = Vector2( 4.44714, 4.44714 )
texture = ExtResource( 4 )
centered = false

[node name="Tile2" type="Sprite" parent="Test"]
material = ExtResource( 6 )
position = Vector2( 237.016, 24.3505 )
scale = Vector2( 4.44714, 4.44714 )
texture = ExtResource( 4 )
centered = false

[node name="TextureLoader" type="Node" parent="Test"]
script = ExtResource( 3 )
defaultPalette = ExtResource( 1 )

[node name="Sprite" type="Sprite" parent="Test/TextureLoader"]
material = ExtResource( 1 )
position = Vector2( 256, 256 )
scale = Vector2( 16, 16 )

[node name="TileMap" type="TileMap" parent="."]
tile_set = ExtResource( 2 )
cell_size = Vector2( 16, 16 )
cell_quadrant_size = 8
format = 1
tile_data = PoolIntArray( 327682, 0, 0, 393218, 0, 0, 458754, 0, 0, 458755, 0, 0, 458756, 0, 0, 458757, 0, 0, 458758, 0, 0, 458762, 1, 0, 458763, 1, 0 )
